[Event "Team 45 45 League T33"]
[Site "Internet Chess Club"]
[Date "2007.05.14"]
[Round "4"]
[White "PrincessChess"]
[Black "fledermaus"]
[Result "1/2-1/2"]
[WhiteElo "1802"]
[BlackElo "2017"]
[ECO "C49"]
[TimeControl "2700+45"]

1. e4 Nf6 2. Nc3 e5 3. Nf3 Nc6 4. Bb5 Bb4 5. Bxc6 dxc6 6. d3 Bg4 7. Bd2 Qd6 8.
Ne2 Bxd2+ 9. Qxd2 O-O-O 10. O-O-O c5 11. Qe3 Nd7 12. Nc3 f6 13. h3 Be6 14. Nd2
Kb8 15. Kb1 b6 16. g3 Rhe8 17. f4 Bf7 18. f5 Qc6 19. g4 c4 20. Nxc4 Bxc4 21.
dxc4 Qxc4 22. Qe2 Qxe2 23. Nxe2 Nc5 24. Ng3 Kc8 25. Kc1 Re7 26. h4 Rd4 27. Rhe1
Red7 28. Rxd4 Rxd4 29. g5 Kd8 30. Rd1 Ke7 31. Rxd4 exd4 32. Kd2 a5 33. c3 dxc3+
34. Kxc3 c6 35. Kd4 Nd7 36. b3 Ne5 37. Ke3 c5 38. Ne2 c4 39. gxf6+ Kxf6 40. Nf4
cxb3 41. axb3 b5 42. Nd5+ Kf7 43. Nc3 a4 44. bxa4 bxa4 45. Nxa4 g6 46. Nc5 Kf6
47. Kf4 h6 48. Ne6 Nd3+ 49. Ke3 gxf5 50. exf5 Kxf5 51. Nd4+ Kg4 52. Kxd3 Kxh4
53. Nf3+ Kg4 {Game drawn by mutual agreement} 1/2-1/2

[Event "Team 45 45 League T33"]
[Site "Internet Chess Club"]
[Date "2007.05.10"]
[Round "4"]
[White "Grenadier"]
[Black "OrangeKing"]
[Result "0-1"]
[WhiteElo "1830"]
[BlackElo "1812"]
[ECO "B22"]
[TimeControl "2700+45"]

1. e4 c5 2. c3 g6 3. Bc4 Nc6 4. Nf3 Bg7 5. O-O Nf6 6. Re1 O-O 7. d4 cxd4 8. Nxd4
d6 9. Bg5 Qb6 10. b3 Ne5 11. Bf1 Bd7 12. Nd2 Rac8 13. Rc1 Neg4 14. Be3 Nxe3 15.
Rxe3 Ng4 16. Rf3 Bxd4 17. cxd4 Qxd4 18. Bc4 Ne5 19. Rfc3 Bg4 20. Qe1 Nxc4 21.
Rxc4 Rxc4 22. Rxc4 Qb2 23. h3 Be6 24. Rc7 Rc8 25. Rxc8+ Bxc8 26. a4 Be6 27. Qe3
Qc1+ 28. Kh2 Qc5 29. Qe2 Qc3 30. Nf3 Qxb3 31. Ng5 Qxa4 32. Qb2 Qb3 33. Qc1 Qc4
34. Qe3 Qc5 35. Qd2 a5 36. h4 a4 37. Nf3 a3 38. Qh6 a2 39. Ng5 Qe5+ 40. g3 Qg7
{White resigns} 0-1

[Event "Team 45 45 League T33"]
[Site "Internet Chess Club"]
[Date "2007.05.10"]
[Round "4"]
[White "Socraticchess"]
[Black "Wheels"]
[Result "0-1"]
[WhiteElo "1806"]
[BlackElo "1755"]
[ECO "B21"]
[TimeControl "2700+45"]

1. e4 c5 2. f4 Nc6 3. Nf3 g6 4. Bc4 Bg7 5. Nc3 d6 6. O-O Nf6 7. e5 dxe5 8. fxe5
Nxe5 9. Nxe5 Qd4+ 10. Kh1 Qxe5 11. d3 Bg4 12. Bf4 Qxf4 13. Rxf4 Bxd1 14. Rxd1
O-O 15. Re1 Rfe8 16. Nd5 Nxd5 17. Bxd5 e6 18. Bxb7 Rab8 19. Bc6 Rec8 20. Bd7 Rc7
21. Ba4 Bxb2 22. Rb1 Rcb7 23. Bb3 Bd4 24. Rbf1 Kg7 25. g3 Re7 26. Kg2 f5 27. g4
e5 28. R4f3 f4 29. Re1 g5 30. h4 Kh6 31. Re4 Rf8 32. Rh3 gxh4 33. Kf3 Kg5 34.
Rh1 h5 35. gxh5 Kxh5 36. Re2 Rg7 37. Reh2 Rg3+ 38. Ke4 Re3+ 39. Kd5 h3 40. Kd6
Kh4 41. Be6 Kg5 42. Bxh3 Rh8 43. Ke6 Rg3 44. Bf5 Rxh2 45. Rxh2 f3 46. Rh3 Rxh3
47. Bxh3 Kf4 48. Kd6 Ke3 49. Kc7 Kd2 50. Kb7 a5 51. Kb6 c4+ 52. Kxa5 cxd3 53.
cxd3 Kxd3 54. Kb4 e4 55. Bf1+ Kd2 56. Kc4 Bg1 {White resigns} 0-1

[Event "Team 45 45 League T33"]
[Site "Internet Chess Club"]
[Date "2007.05.12"]
[Round "4"]
[White "GoIrish"]
[Black "Dodgee"]
[Result "1-0"]
[WhiteElo "1627"]
[BlackElo "1699"]
[ECO "A15"]
[TimeControl "2700+45"]

1. c4 Nf6 2. g3 g6 3. Bg2 Bg7 4. Nc3 O-O 5. d3 d6 6. Nf3 Nbd7 7. O-O e5 8. Bg5
h6 9. Bd2 Re8 10. b4 e4 11. dxe4 Nxe4 12. Rc1 Nxd2 13. Qxd2 Nb6 14. Nd5 c6 15.
Nxb6 axb6 16. e3 Qf6 17. Rfd1 Rd8 18. h3 Be6 19. Nd4 d5 20. Nxe6 fxe6 21. cxd5
exd5 22. Rc2 Ra3 23. Qc1 Rda8 24. Rdd2 Qd6 25. b5 Qb4 26. bxc6 bxc6 27. Rxc6
Rxa2 28. Bxd5+ Kh7 29. Bxa2 Rf8 30. Rc7 Qa5 31. Bb1 Qe5 32. Qc2 Qf6 33. Rc6
{Black resigns} 1-0

[Event "Team 45 45 League T33"]
[Site "Internet Chess Club"]
[Date "2007.05.12"]
[Round "4"]
[White "Allessia"]
[Black "azbycx"]
[Result "1-0"]
[WhiteElo "2270"]
[BlackElo "1961"]
[ECO "B26"]
[TimeControl "2700+45"]

1. e4 c5 2. Nc3 Nc6 3. g3 g6 4. Bg2 Bg7 5. d3 d6 6. Be3 Rb8 7. Qd2 b5 8. Nge2 b4
9. Nd1 Nd4 10. O-O e6 11. c3 Nxe2+ 12. Qxe2 bxc3 13. bxc3 Qa5 14. Qd2 Qa3 15. d4
Ba6 16. Re1 Bc4 17. dxc5 dxc5 18. Qd6 Rc8 19. e5 Ne7 20. Bg5 Bf8 21. Bb7 Qa5 22.
Bxc8 Nxc8 23. Qc6# {Black checkmated} 1-0

[Event "Team 45 45 League T33"]
[Site "Internet Chess Club"]
[Date "2007.05.10"]
[Round "4"]
[White "Icebreaker"]
[Black "Gregorio"]
[Result "0-1"]
[WhiteElo "1761"]
[BlackElo "2131"]
[ECO "C32"]
[TimeControl "2700+45"]

1. e4 e5 2. f4 d5 3. exd5 e4 4. d3 Nf6 5. dxe4 Nxe4 6. Nf3 Bc5 7. Qe2 O-O 8.
Qxe4 Re8 9. Ne5 f6 10. Nc3 Nd7 11. Bb5 c6 12. dxc6 Nxe5 13. Kf1 bxc6 14. Bxc6
Ba6+ 15. Bb5 Bxb5+ 16. Nxb5 Qd1+ 17. Qe1 Qxe1+ 18. Kxe1 Nf3+ {White resigns} 0-1

[Event "Team 45 45 League T33"]
[Site "Internet Chess Club"]
[Date "2007.05.15"]
[Round "4"]
[White "baumhauer"]
[Black "elnik"]
[Result "1/2-1/2"]
[WhiteElo "1978"]
[BlackElo "1883"]
[ECO "E98"]
[TimeControl "2700+45"]

1. d4 Nf6 2. c4 g6 3. Nc3 Bg7 4. e4 d6 5. Nf3 O-O 6. Be2 e5 7. O-O Nc6 8. d5 Ne7
9. Ne1 Nd7 10. Nd3 f5 11. f4 fxe4 12. Nxe4 Nf5 13. Bg4 exf4 14. Bxf4 Nf6 15. Bg5
Qe8 16. Nxf6+ Bxf6 17. Re1 Qd8 18. Bxf6 Qxf6 19. Kh1 Nd4 20. Bxc8 Raxc8 21. Rf1
Qh4 22. Qd2 Nf5 23. Rf3 Qxc4 24. Nf4 Qd4 25. Rd3 Qf6 26. Ne6 Rfe8 27. Rf3 c6 28.
g4 cxd5 29. gxf5 Rxe6 30. Qxd5 gxf5 31. Rg1+ Kh8 32. Rxf5 Qe7 33. Qd4+ Re5 34.
Rgf1 Qc7 35. h3 Qc6+ 36. Kh2 Rg8 37. R1f2 Qc1 38. Rf1 Qc6 39. R1f2 Qc1 40. Re2
Qc6 41. Rfxe5 dxe5 42. Qxe5+ Rg7 43. Rf2 h6 44. Rf8+ Kh7 45. Qf5+ Qg6 {Game
drawn by mutual agreement} 1/2-1/2

[Event "Team 45 45 League T33"]
[Site "Internet Chess Club"]
[Date "2007.05.14"]
[Round "4"]
[White "deathmage"]
[Black "Mikey29a"]
[Result "1-0"]
[WhiteElo "1684"]
[BlackElo "1662"]
[ECO "C00"]
[TimeControl "2700+45"]

1. e4 e6 2. d3 d5 3. Nd2 c5 4. Ngf3 Nc6 5. g3 Nf6 6. Qe2 Be7 7. Bg2 O-O 8. O-O
a6 9. e5 Nd7 10. Re1 b5 11. h3 Bb7 12. c4 dxc4 13. dxc4 b4 14. b3 Qc7 15. Bb2
Nb6 16. Rad1 a5 17. Ne4 Rad8 18. Rxd8 Rxd8 19. Rd1 Nc8 20. Rxd8+ Qxd8 21. Qd2
Qxd2 22. Nfxd2 Kf8 23. f4 Ke8 24. Kf2 Kd7 25. Bf3 h6 26. Ke3 Nb6 27. Nf2 a4 28.
Nd3 Kc7 29. Bxc6 Bxc6 30. Ne4 Bxe4 31. Kxe4 axb3 32. axb3 Kc6 33. Bc1 Nd7 34.
Be3 f5+ 35. exf6 Bxf6 36. g4 g5 37. fxg5 Bxg5 38. Bxg5 hxg5 39. Ne5+ Nxe5 40.
Kxe5 Kd7 41. Kf6 Kd6 42. Kxg5 Ke5 43. h4 Kd4 44. h5 e5 45. h6 e4 46. h7 e3 47.
h8=Q+ Kd3 48. Qb2 e2 49. Qc1 e1=Q 50. Qxe1 Kc2 51. Qg3 {Black resigns} 1-0

[Event "Team 45 45 League T33"]
[Site "Internet Chess Club"]
[Date "2007.05.12"]
[Round "4"]
[White "EdBorowski"]
[Black "livis"]
[Result "1-0"]
[WhiteElo "1975"]
[BlackElo "2027"]
[ECO "A40"]
[TimeControl "2700+45"]

1. d4 g6 2. Nf3 Bg7 3. Bf4 Nf6 4. e3 d5 5. Bd3 c6 6. c3 Nbd7 7. Nbd2 Nb6 8. Qe2
Nh5 9. Bg5 h6 10. Bh4 Nf6 11. e4 O-O 12. e5 Nh7 13. O-O-O a5 14. h3 a4 15. a3
Qc7 16. g4 e6 17. Nh2 c5 18. Kb1 cxd4 19. cxd4 Nc4 20. Bxc4 dxc4 21. Qxc4 Qd7
22. Ne4 b5 23. Qb4 Bb7 24. Nc5 Qc6 25. Rc1 Rfb8 26. Be7 Ng5 27. Bd6 Rc8 28. f4
Nxh3 29. f5 Qd5 30. fxg6 fxg6 31. Qd2 Ng5 32. Rhe1 Bc6 33. Qd3 Kh7 34. Be7 b4
35. Bxg5 hxg5 36. Ne4 Qd8 37. Nf3 Bxe4 38. Qxe4 Rxc1+ 39. Rxc1 bxa3 40. Nxg5+
Qxg5 41. Rh1+ Bh6 42. Qb7+ Kg8 43. Qxa8+ Kg7 44. Qb7+ Kg8 45. Qc8+ Kg7 46. Qd7+
Kh8 47. Qe8+ Kg7 48. Qxe6 Qd2 49. Qf6+ Kh7 50. Qf7+ Kh8 51. Qf8+ Kh7 52. Qxh6+
Qxh6 53. Rxh6+ Kxh6 54. d5 {Black resigns} 1-0

[Event "Team 45 45 League T33"]
[Site "Internet Chess Club"]
[Date "2007.05.13"]
[Round "4"]
[White "gorgon"]
[Black "Flying-Tiger"]
[Result "1-0"]
[WhiteElo "2153"]
[BlackElo "1905"]
[ECO "E91"]
[TimeControl "2700+45"]

1. d4 Nf6 2. c4 g6 3. Nf3 Bg7 4. Nc3 O-O 5. e4 d6 6. Be2 c5 7. d5 Bg4 8. Nd2
Bxe2 9. Qxe2 Nfd7 10. g4 Qa5 11. a3 Bxc3 12. bxc3 Qxc3 13. Rb1 Ne5 14. O-O Qd3
15. Qxd3 Nxd3 16. Rxb7 Re8 17. Nf3 Nxc1 18. Rxc1 a5 19. Rcb1 f6 20. Ne1 Kf7 21.
Nd3 g5 22. Nc1 Rd8 23. Ne2 Nd7 24. f4 h6 25. Ng3 Nf8 26. Nf5 Ng6 27. Nxh6+ Ke8
28. fxg5 fxg5 29. Nf5 Kf7 30. R1b6 Kf6 31. Kf2 Re8 32. Nxd6 exd6 33. Rxd6+ Ke5
34. Rxg6 Kf4 35. h3 Rf8 36. Re6 Rh8 37. Rf7# {Black checkmated} 1-0

[Event "Team 45 45 League T33"]
[Site "Internet Chess Club"]
[Date "2007.05.12"]
[Round "4"]
[White "LennyH"]
[Black "Vael"]
[Result "0-1"]
[WhiteElo "1903"]
[BlackElo "1979"]
[ECO "C01"]
[TimeControl "2700+45"]

1. e4 e6 2. d4 c5 3. c3 d5 4. e5 Nc6 5. Ne2 f6 6. exf6 Nxf6 7. Nd2 Bd6 8. Nf3
O-O 9. Ng3 Qb6 10. Be2 cxd4 11. cxd4 Bb4+ 12. Kf1 Bd7 13. h3 Rac8 14. Be3 Bd6
15. Qb3 Bxg3 16. Qxb6 axb6 17. fxg3 Ne4 18. Bf2 Nxf2 19. Kxf2 Nxd4 20. Rhc1 Nc2
21. Rab1 e5 22. Kg1 e4 23. Nd2 Nb4 24. a3 Nc2 25. b4 Nxa3 {White resigns} 0-1

[Event "Team 45 45 League T33"]
[Site "Internet Chess Club"]
[Date "2007.05.12"]
[Round "4"]
[White "LoseOften"]
[Black "Creb"]
[Result "0-1"]
[WhiteElo "1766"]
[BlackElo "1808"]
[ECO "C11"]
[TimeControl "2700+45"]

1. e4 e6 2. d4 d5 3. Nc3 Nf6 4. Bg5 dxe4 5. Nxe4 Be7 6. Bxf6 Bxf6 7. c3 Nd7 8.
Nf3 O-O 9. Bd3 e5 10. Nxf6+ Qxf6 11. O-O exd4 12. Nxd4 a6 13. Qh5 g6 14. Qh6 Ne5
15. Bc2 c5 16. Nb3 b6 17. Rad1 Bb7 18. Rd2 Nf3+ 19. Kh1 Nxd2 20. Nxd2 Rad8 21.
Nc4 Rfe8 22. Ne3 Qc6 23. Qh3 Rd2 24. Bb3 Rxe3 25. Bxf7+ Kg7 {White resigns} 0-1

[Event "Team 45 45 League T33"]
[Site "Internet Chess Club"]
[Date "2007.05.15"]
[Round "4"]
[White "Budzo"]
[Black "mickeys"]
[Result "1-0"]
[WhiteElo "1802"]
[BlackElo "1667"]
[ECO "D45"]
[TimeControl "2700+45"]

1. Nf3 d5 2. d4 Nf6 3. c4 e6 4. Nc3 c6 5. e3 Nbd7 6. Qc2 Nb6 7. c5 Nbd7 8. Bd3
Qc7 9. O-O e5 10. dxe5 Nxe5 11. Nxe5 Qxe5 12. Ne2 Ne4 13. Bxe4 dxe4 14. Nc3 f5
15. b4 Bd7 16. Bb2 Qe6 17. Rfd1 Be7 18. Ne2 Bf6 19. Rd6 Qf7 20. Bxf6 gxf6 21.
Nf4 O-O-O 22. Rad1 Rhe8 23. a3 Be6 24. Qd2 Bd7 25. Qd4 Re5 26. a4 a6 27. b5 axb5
28. axb5 Kc7 29. b6+ Kc8 30. Qa4 {Black resigns} 1-0

[Event "Team 45 45 League T33"]
[Site "Internet Chess Club"]
[Date "2007.05.12"]
[Round "4"]
[White "GrandPoobah069"]
[Black "Kinglord"]
[Result "1-0"]
[WhiteElo "1666"]
[BlackElo "1646"]
[ECO "C13"]
[TimeControl "2700+45"]

1. e4 e6 2. d4 d5 3. Nc3 Nf6 4. Bg5 Be7 5. e5 Nfd7 6. h4 c5 7. Bxe7 Qxe7 8. Nb5
Kd8 9. c3 c4 10. b3 Nb6 11. Nd6 Qc7 12. Qf3 Rf8 13. Nh3 f5 14. Be2 Bd7 15. bxc4
Bc6 16. c5 Nc8 17. Ng5 Qe7 18. Nxh7 Rh8 19. Ng5 Nxd6 20. cxd6 Qe8 21. Qg3 Kd7
22. c4 Na6 23. cxd5 Bxd5 24. Bb5+ Bc6 25. Qb3 Rb8 26. Rc1 Qg6 27. d5 exd5 28.
Qxd5 Nb4 29. e6+ Ke8 30. Qc5 Bxb5 31. Qxb5+ Nc6 32. Rxc6 {Black resigns} 1-0

[Event "Team 45 45 League T33"]
[Site "Internet Chess Club"]
[Date "2007.05.15"]
[Round "4"]
[White "Mutaant"]
[Black "IronWill"]
[Result "0-1"]
[WhiteElo "1442"]
[BlackElo "1493"]
[ECO "B01"]
[TimeControl "2700+45"]

1. e4 d5 2. exd5 Nf6 3. Bc4 e6 4. dxe6 Qe7 5. Qe2 Bxe6 6. Bxe6 fxe6 7. Nc3 Nc6
8. d3 Nd4 9. Qd1 Nd5 10. Bd2 Nb4 11. Qh5+ g6 12. Qb5+ Nxb5 {White resigns} 0-1

[Event "Team 45 45 League T33"]
[Site "Internet Chess Club"]
[Date "2007.05.17"]
[Round "4"]
[White "Russ"]
[Black "chessterbaggins"]
[Result "0-1"]
[WhiteElo "1241"]
[BlackElo "1396"]
[ECO "D30"]
[TimeControl "2700+45"]

1. d4 e6 2. c4 d5 3. Nf3 Be7 4. Bf4 Nf6 5. e3 O-O 6. Nc3 a6 7. a4 Bb4 8. Bd3 a5
9. O-O Ne4 10. Nxe4 dxe4 11. Bxe4 c6 12. Qc2 Nd7 13. Bxh7+ Kh8 14. Bd3 Nf6 15.
Be5 Be7 16. h3 Bd6 17. Rad1 g6 18. g4 Bxe5 19. Nxe5 Nh7 20. Bxg6 f5 21. Nf7+
Rxf7 22. Bxf7 Ng5 23. Bxe6 Bxe6 24. f4 Nxh3+ 25. Kg2 fxg4 26. Kg3 Qg8 27. e4
Bxc4 28. Rd3 Bxd3 29. Qxd3 Rf8 30. d5 cxd5 31. exd5 Qg7 32. Qb3 Ng5 33. Re1 Nf7
34. Qxb7 Kg8 35. Re7 Qd4 36. Kxg4 Nh6+ 37. Kh5 Rf5+ 38. Kh4 Qxf4+ 39. Kh3 Qf3+
40. Kh4 Rh5# {White checkmated} 0-1

[Event "Team 45 45 League T33"]
[Site "Internet Chess Club"]
[Date "2007.05.12"]
[Round "4"]
[White "lmadueno"]
[Black "Badu"]
[Result "0-1"]
[WhiteElo "1591"]
[BlackElo "1872"]
[ECO "B13"]
[TimeControl "2700+45"]

1. e4 c6 2. d4 d5 3. exd5 cxd5 4. Nf3 Nf6 5. g3 Bg4 6. Bg2 e6 7. Nc3 Nc6 8. O-O
Be7 9. Be3 Rc8 10. a3 Qb6 11. Rb1 O-O 12. Qd2 Rfd8 13. b4 a6 14. Na4 Qb5 15. Nc3
Qc4 16. Rfc1 Nxb4 17. Na4 Ne4 18. Qe1 Nxc2 19. Nb6 Nxe1 20. Nxc4 Nxf3+ 21. Bxf3
Bxf3 22. Nb6 Rxc1+ 23. Rxc1 Bxa3 24. Rb1 Bd6 25. h3 Bc7 26. Na4 b5 27. Nc5 Nxc5
28. dxc5 d4 29. Bd2 e5 30. Ra1 a5 31. Bxa5 Bxa5 32. Rxa5 d3 33. Rxb5 d2 {White
resigns} 0-1

[Event "Team 45 45 League T33"]
[Site "Internet Chess Club"]
[Date "2007.05.17"]
[Round "4"]
[White "Chess2Play"]
[Black "stakastra"]
[Result "0-1"]
[WhiteElo "1649"]
[BlackElo "1611"]
[ECO "D31"]
[TimeControl "2700+45"]

1. d4 d5 2. c4 e6 3. Nc3 h6 4. a3 Nf6 5. Bf4 Bd6 6. Bxd6 Qxd6 7. Nf3 O-O 8. e3
c6 9. Bd3 Nbd7 10. cxd5 exd5 11. Rc1 Re8 12. O-O a6 13. Qc2 c5 14. dxc5 Nxc5 15.
Bf5 Nce4 16. Bxc8 Raxc8 17. Qb3 Nxc3 18. Rxc3 b5 19. Rfc1 Rcd8 20. Rc6 Qb8 21.
Rxa6 Rc8 22. Rac6 Rxc6 23. Rxc6 Qb7 24. Qc2 Ne4 25. Nd4 b4 26. a4 Ra8 27. b3 Nc3
28. g3 Re8 29. Kf1 Re4 30. Rc5 Qd7 31. Ne2 Qh3+ 32. Kg1 Nxe2+ 33. Qxe2 Qe6 34.
Qc2 f5 35. Rc6 Qe7 36. Qc5 Qe5 37. Qxb4 Rxb4 38. a5 Rxb3 39. a6 Ra3 {White
resigns} 0-1

[Event "Team 45 45 League T33"]
[Site "Internet Chess Club"]
[Date "2007.05.12"]
[Round "4"]
[White "AntonioMendonca"]
[Black "walleye"]
[Result "1-0"]
[WhiteElo "1625"]
[BlackElo "1451"]
[ECO "E98"]
[TimeControl "2700+45"]

1. d4 Nf6 2. c4 g6 3. Nc3 Bg7 4. e4 d6 5. Nf3 O-O 6. Be2 e5 7. O-O Nc6 8. d5 Ne7
9. Ne1 Nd7 10. Nd3 f5 11. Bd2 Nf6 12. f3 f4 13. c5 g5 14. cxd6 cxd6 15. Rc1 Ng6
16. Nb5 Rf7 17. Qc2 Ne8 18. a4 Bf8 19. Qb3 Bd7 20. Rc4 Bxb5 21. Qxb5 b6 22. Rfc1
Rc7 23. Qb3 Rxc4 24. Rxc4 Rc8 25. Nb4 Rxc4 26. Qxc4 Qc7 27. Qxc7 Nxc7 28. Nc6 a5
29. b4 axb4 30. Bxb4 Be7 31. Nxe7+ {Black resigns} 1-0

[Event "Team 45 45 League T33"]
[Site "Internet Chess Club"]
[Date "2007.05.10"]
[Round "4"]
[White "Toalla"]
[Black "Bastet"]
[Result "1-0"]
[WhiteElo "1404"]
[BlackElo "1419"]
[ECO "E01"]
[TimeControl "2700+45"]

1. d4 d5 2. c4 e6 3. g3 Nf6 4. Bg2 c6 5. Nf3 Bb4+ 6. Bd2 Ba5 7. O-O Ne4 8. cxd5
Nxd2 9. Nbxd2 cxd5 10. a3 Bb6 11. b4 O-O 12. Re1 Nc6 13. Nb3 Bd7 14. Rc1 f6 15.
e3 a5 16. b5 Ne7 17. a4 Rc8 18. Qd2 Ra8 19. Rc3 Bc7 20. Rec1 Bd6 21. Nc5 Bc8 22.
Bh3 f5 23. Ng5 Bxc5 24. Rxc5 h6 25. Nf3 b6 26. Rc7 Rb8 27. R1c3 Rb7 28. Qc1 Ng6
29. Rxc8 Qd7 30. Rxf8+ Kxf8 31. Qa3+ Kf7 32. Rc6 Kf6 33. Rd6 Qe7 34. Bg2 Nh8 35.
Ne5 Nf7 36. Bxd5 Qxd6 37. Qxd6 Nxd6 38. Bxb7 Nxb7 39. Nd7+ Ke7 40. Nxb6 Kd6 41.
Kf1 Kc7 42. Nc4 Kd7 43. Ke2 Kc7 44. Kd3 Kd7 45. f3 h5 46. e4 fxe4+ 47. Kxe4 g5
48. g4 hxg4 49. Ne5+ Ke7 50. Nxg4 Nd6+ 51. Kd3 Kf7 52. Nf2 Nb7 53. Ne4 Kg6 54.
Nc5 Nd8 55. Ke4 Kf6 56. d5 exd5+ 57. Kxd5 Kf5 58. Nd3 Kf6 59. h3 Kf5 60. b6 Kg6
61. Ne5+ Kf5 62. Nc4 Kf4 63. Nxa5 Kxf3 64. Ke5 Kg3 65. Kf5 Kxh3 66. Kxg5 Nf7+
67. Kf5 Nd6+ 68. Ke6 Ne4 69. b7 Nc5+ 70. Kd6 Ne4+ 71. Kc7 Nc5 72. b8=Q Na6+ 73.
Kc8 Nxb8 74. Kxb8 Kg4 75. Kc7 Kf5 76. Kc6 Ke6 77. Nb7 {Black resigns} 1-0

[Event "Team 45 45 League T33"]
[Site "Internet Chess Club"]
[Date "2007.05.12"]
[Round "4"]
[White "searchforbobby1"]
[Black "reinaroja"]
[Result "1/2-1/2"]
[WhiteElo "2120"]
[BlackElo "2177"]
[ECO "C29"]
[TimeControl "2700+45"]

1. e4 e5 2. Nc3 Nf6 3. f4 d5 4. fxe5 Nxe4 5. Nf3 Be7 6. d3 Nxc3 7. bxc3 O-O 8.
Be2 f6 9. exf6 Bxf6 10. d4 Bh4+ 11. g3 Be7 12. O-O Bh3 13. Rf2 {Game drawn by
mutual agreement} 1/2-1/2

[Event "Team 45 45 League T33"]
[Site "Internet Chess Club"]
[Date "2007.05.14"]
[Round "4"]
[White "Klampin"]
[Black "Burning-Bush"]
[Result "1/2-1/2"]
[WhiteElo "2003"]
[BlackElo "1985"]
[ECO "A46"]
[TimeControl "2700+45"]

1. d4 Nf6 2. Nf3 e6 3. Bg5 Be7 4. e3 b6 5. Bd3 Bb7 6. Nbd2 h6 7. Bf4 O-O 8. c3
Nh5 9. Bg3 Nxg3 10. hxg3 f5 11. Ne5 Qe8 12. e4 d6 13. Nef3 Nd7 14. Qe2 Qf7 15.
O-O-O Rfe8 16. Nh4 Bxh4 17. Rxh4 e5 18. Bc4 d5 19. Bxd5 Bxd5 20. exd5 Qxd5 21.
dxe5 Rxe5 22. Qc4 Nf6 23. Ne4 Qxc4 24. Nxf6+ gxf6 25. Rxc4 c5 26. Rd7 Re4 27.
Rxe4 fxe4 28. Kd2 a5 29. Ke3 Re8 30. Rd6 Kg7 31. Rxb6 a4 32. Rb5 Re5 33. Ra5 f5
34. Rxa4 Rd5 35. Ra5 Kf6 36. b4 Rd3+ 37. Ke2 c4 38. Ra3 Kg5 39. f3 e3 40. b5 f4
41. gxf4+ Kxf4 42. Ra8 Rd2+ 43. Ke1 Rxg2 44. Rf8+ Ke5 45. a4 Rb2 46. Kd1 Kd5 47.
Re8 Ra2 48. f4 Rxa4 49. Re5+ Kd6 50. Ke2 Ra3 51. Rxe3 Rb3 52. Rh3 Ke7 53. Rxh6
Rxc3 54. Kd2 Rb3 55. b6 Kf7 56. f5 Kg7 57. Rc6 Kf7 58. Kc2 Ke7 59. Kd2 Kf7 60.
Rxc4 Rxb6 61. Ke3 Rb1 62. Rc6 Re1+ 63. Kd4 Re2 64. Kd5 Rf2 65. Ke4 Re2+ 66. Kf3
Re1 67. Ra6 Rf1+ 68. Ke4 Re1+ 69. Kf4 Rf1+ 70. Ke4 Re1+ 71. Kf4 Rf1+ {Game drawn
by mutual agreement} 1/2-1/2

[Event "Team 45 45 League T33"]
[Site "Internet Chess Club"]
[Date "2007.05.11"]
[Round "4"]
[White "spacecadet"]
[Black "AlexeiD"]
[Result "1/2-1/2"]
[WhiteElo "1988"]
[BlackElo "2030"]
[ECO "B23"]
[TimeControl "2700+45"]

1. e4 c5 2. Nc3 Nc6 3. f4 g6 4. Nf3 Bg7 5. Bc4 d6 6. d3 e6 7. O-O Nge7 8. Qe1
O-O 9. Ne2 d5 10. Bb3 b5 11. c3 b4 12. Be3 Qa5 13. Rb1 Ba6 14. c4 d4 15. Bd2 Qc7
16. Ng3 f5 17. exf5 exf5 18. Ng5 Bc8 19. a3 a5 20. Bd1 Qd6 21. Bf3 Rb8 22. a4 h6
23. Nh3 Bd7 24. b3 Rbe8 25. Rf2 Rf6 26. Re2 Re6 27. Rxe6 Bxe6 28. Qf2 Bf7 29.
Re1 Nc8 30. Nf1 Re6 31. g4 fxg4 32. Bxg4 Rxe1 33. Qxe1 Qc7 34. Ng3 Nd6 35. Ne4
Nd8 36. Nxd6 Qxd6 37. Qe4 Kh7 38. f5 Be5 39. Bf4 Nc6 40. fxg6+ Bxg6 41. Bf5 Bxf5
42. Qxf5+ Qg6+ 43. Qxg6+ Kxg6 44. Kg2 Bxf4 45. Nxf4+ Kf5 46. Kg3 {Game drawn by
mutual agreement} 1/2-1/2

[Event "Team 45 45 League T33"]
[Site "Internet Chess Club"]
[Date "2007.05.10"]
[Round "4"]
[White "RingLord"]
[Black "PublisherKing"]
[Result "0-1"]
[WhiteElo "1722"]
[BlackElo "1834"]
[ECO "B12"]
[TimeControl "2700+45"]

1. e4 c6 2. d4 d5 3. e5 Bf5 4. Nc3 e6 5. g4 Bg6 6. Nf3 Qb6 7. h4 h5 8. g5 Nd7 9.
a4 Bb4 10. Bd2 Ne7 11. b3 a5 12. Ne2 Bxd2+ 13. Qxd2 O-O 14. Bh3 Be4 15. Bg2 Rfc8
16. Ng3 c5 17. Nxe4 dxe4 18. dxc5 Nxc5 19. Nd4 Rd8 20. Rd1 Nf5 21. c3 Nxd4 22.
cxd4 Qxb3 23. O-O Qxa4 24. g6 fxg6 25. Qe3 Rab8 26. Bxe4 Nxe4 27. Qxe4 Kh7 28.
Rd3 Rf8 29. Rg3 Rf5 30. Kh2 Rbf8 31. Rg2 Rd8 32. Qxb7 Rxd4 33. Qe7 Rxh4+ 34. Kg1
Rg4 35. f4 Rfxf4 36. Rxf4 Qxf4 37. Rxg4 Qxg4+ 38. Kh1 Qe4+ 39. Kg1 Qxe5 40. Kh1
a4 41. Kg2 Qb2+ 42. Kh3 a3 43. Kh4 Qf6+ {White resigns} 0-1

[Event "Team 45 45 League T33"]
[Site "Internet Chess Club"]
[Date "2007.05.12"]
[Round "4"]
[White "upturnedcircle"]
[Black "Loco-Motif"]
[Result "0-1"]
[WhiteElo "1976"]
[BlackElo "1848"]
[ECO "D45"]
[TimeControl "2700+45"]

1. d4 d5 2. c4 c6 3. Nf3 Nf6 4. Nc3 e6 5. e3 Bb4 6. Bd3 Ne4 7. Qc2 f5 8. O-O O-O
9. a3 Bd6 10. Ne5 Nd7 11. f4 Ndf6 12. Ne2 Bd7 13. b4 Rc8 14. Bb2 b6 15. Nf3 Ng4
16. Bc1 Rf6 17. h3 Rh6 18. hxg4 fxg4 19. Bxe4 dxe4 20. Ng5 c5 21. bxc5 bxc5 22.
Bb2 Bc6 23. dxc5 Bxc5 24. Nd4 e5 25. Nxc6 Bxe3+ 26. Rf2 Rcxc6 27. Bxe5 g3 28.
Nxe4 gxf2+ 29. Nxf2 Qh4 30. Kf1 Bxf4 31. Qb2 Bxe5 32. Qxe5 Qxc4+ 33. Kg1 Rc8 34.
Rd1 Re6 35. Qg5 Rf6 36. Qe5 Qc5 37. Rd8+ Rf8 38. Qe6+ Kh8 39. Rd5 {White
resigns} 0-1

You have both agreed to a draw and I will post the game as such.

Regards, Tom...

[Event "Team 45 45 League T33"]
[Site "Internet Chess Club"]
[Date "2007.05.13"]
[Round "4"]
[White "Budha"]
[Black "singularity"]
[Result "1-0"]
[WhiteElo "1721"]
[BlackElo "1810"]
[ECO "A45"]
[TimeControl "2700+45"]

1. d4 Nf6 2. Bg5 e6 3. e4 h6 4. Bxf6 Qxf6 5. e5 Qf5 6. Bd3 Qg5 7. Bf1 d6 8. Nf3
Qd8 9. Bd3 Nc6 10. O-O dxe5 11. dxe5 a6 12. Re1 Bb4 13. c3 Bc5 14. b4 Be7 15.
Qc2 O-O 16. Nbd2 Bxb4 17. cxb4 Nxb4 18. Bh7+ Kh8 19. Qb1 Qe7 20. Be4 Rb8 21. a3
Nd5 22. Qb3 Rd8 23. Rad1 Qc5 24. Rc1 Qe7 25. Qc4 c6 26. a4 g5 27. Bb1 g4 28.
Qxg4 Rg8 29. Qe4 Rg7 30. Nc4 b5 31. Nd6 Bd7 32. a5 Rbg8 33. g3 f5 34. exf6 Nxf6
35. Qe5 Ng4 36. Qc5 Qf6 37. Be4 Rg5 38. Nxg5 Qxf2+ 39. Qxf2 Nxf2 40. Ngf7+ Kg7
41. Kxf2 Rf8 42. Bxc6 Rxf7+ 43. Nxf7 Bxc6 44. Rxc6 Kxf7 45. Rxa6 {Black resigns}
1-0

[Event "Team 45 45 League T33"]
[Site "Internet Chess Club"]
[Date "2007.05.09"]
[Round "4"]
[White "scottrugby"]
[Black "gessie7"]
[Result "1-0"]
[WhiteElo "1429"]
[BlackElo "1338"]
[ECO "C44"]
[TimeControl "2700+45"]

1. e4 e5 2. Nf3 Nc6 3. d4 exd4 4. Bc4 Be7 5. c3 d5 6. Bxd5 Nf6 7. Bxc6+ bxc6 8.
e5 Nd5 9. Nxd4 Qd7 10. O-O Ba6 11. Re1 Bc5 12. b4 Nxc3 13. Nxc3 Bxd4 14. Bb2 O-O
15. Qd2 Rad8 16. h3 Qf5 17. Rad1 Bd3 18. g4 Qf3 19. Nd5 Be4 20. Rxe4 Rxd5 21.
Rxd4 Qxh3 22. Rxd5 Qxg4+ 23. Kh1 Qf3+ 24. Kg1 cxd5 25. Qxd5 Qg4+ 26. Kf1 Qxb4
27. Rd2 c5 28. a3 Qb5+ 29. Kg1 Rc8 30. e6 h6 31. exf7+ Kh7 32. Qf5+ g6 33. Qxc8
{Black resigns} 1-0

[Event "Team 45 45 League T33"]
[Site "Internet Chess Club"]
[Date "2007.05.12"]
[Round "4"]
[White "Midwest-Rook"]
[Black "sfckerry"]
[Result "1-0"]
[WhiteElo "1357"]
[BlackElo "1296"]
[ECO "C24"]
[TimeControl "2700+45"]

1. e4 e5 2. Bc4 Nf6 3. d3 Bc5 4. f4 d6 5. Nf3 Bg4 6. Nc3 O-O 7. Na4 Nbd7 8. Nxc5
Nxc5 9. h3 Bxf3 10. Qxf3 c6 11. f5 b5 12. Bb3 Qa5+ 13. Bd2 Qa6 14. O-O Nxb3 15.
axb3 Qb6+ 16. Be3 c5 17. b4 Qc6 18. bxc5 dxc5 19. Qg3 Rfe8 20. Ra2 Kf8 21. Rfa1
Re7 22. Ra6 Qc7 23. Bg5 Nh5 24. Bxe7+ Kxe7 25. Qh4+ {Black resigns} 1-0